AoeStats
← John Hawkwood

Arabia

507090955Analyzed
1v1 RM · 16d ago on Sep 16, 2026· 27m 27s· 2 players
Game mode
Random Map
Map size
Tiny (2 player)
Population
200
Speed
Normal
Resources
Standard
Victory
Conquest
Starting age
Dark Age
Ending age
Imperial Age
RankedLock teamsTeams togetherTeam positionsShared explorationLock speedFull tech treeHidden civsTurbo modeCheats
Victory
Defeat
🇲🇽 Magyars · Mexico
1117
+14
🇺🇸 Mongols · United States
1076
-14
John Hawkwood
9:32 Feudal Age
10:10 Loom
11:03 Double-Bit Axe
13:23 Horse Collar
19:26 Castle Age
18:30 Bloodlines
21:03 Bow Saw
20:55 Heavy Plow
VictorAOE
10:04 Loom
11:49 Feudal Age
17:44 Castle Age
18:49 Scale Barding Armor
21:09 Chain Barding Armor
21:06 Bloodlines
Connection lost

Rejoining the realm…

Still unreachable

The connection could not be restored.

Session expired

The server has moved on; the page needs a fresh start.